 Dungeon Crawl Stone Soup version 0.23.1 (webtiles) character file.

Game seed: 0

688 M4edhros the Martial Artist (level 7, 0/41 HPs)
             Began as an Octopode Necromancer on Mar 4, 2019.
             Slain by an ice beast (15 damage)
             ... on level 6 of the Dungeon on Mar 10, 2019.
             The game lasted 00:16:25 (1937 turns).

M4edhros the Martial Artist (Octopode Necromancer)  Turns: 1937, Time: 00:16:25

Health: 0/41       AC:  1    Str:  7    XL:     7   Next: 63%
Magic:  10/10      EV: 13    Int: 17    God:
Gold:   165        SH:  0    Dex: 15    Spells: 5/10 levels left

rFire    + . .     SeeInvis .     - Unarmed
rCold    . . .     Gourm    .   (no shield)
rNeg     . . .     Faith    .   l - +0 hat
rPois    .         Spirit   .   i - amulet of harm
rElec    .         Reflect  .   p - ring of protection from fire
rCorr    .         Harm     +   (no ring)
MR       .....                  (no ring)
Stlth    +++.......             (no ring)
HPRegen  0.13/turn              (no ring)
MPRegen  0.12/turn              (no ring)
                                (no ring)
                                (no ring)

@: no status effects
A: almost no armour, stealthy swim, amphibious, 8 rings, constrict 8, camouflage
1, gelatinous body 1
a: no special abilities


You were on level 6 of the Dungeon.
You were not hungry.

You visited 1 branch of the dungeon, and saw 6 of its levels.

You collected 165 gold pieces.

Inventory:

Hand Weapons
 q - a +5 morningstar of freezing
Missiles
 h - 56 sling bullets
 n - 7 steel javelins (quivered)
Armour
 l - a +0 hat (worn)
Magical Staves
 o - an uncursed staff of summoning {unknown}
Jewellery
 i - an amulet of harm (around mantle)
 p - a ring of protection from fire (left tentacle)
Wands
 a - a wand of enslavement (10)
Scrolls
 c - a scroll of blinking {unknown}
 d - 2 scrolls of enchant weapon
 f - 2 scrolls of fear
 g - a scroll of remove curse
 j - 3 scrolls of amnesia
 m - 2 scrolls of teleportation
Potions
 e - a potion of lignification
 k - 3 potions of curing
Comestibles
 b - 13 rations
 r - 2 chunks of flesh


   Skills:
 + Level 0.1 Fighting
 + Level 2.0 Dodging
 - Level 2.6 Stealth
 + Level 8.0 Unarmed Combat
 - Level 2.0 Spellcasting
 - Level 4.0 Necromancy


You had 5 spell levels left.
You knew the following spells:

 Your Spells              Type           Power        Failure   Level  Hunger
a - Pain                  Necr           ###.         3%          1    #......
b - Animate Skeleton      Necr           N/A          3%          1    #......
c - Regeneration          Chrm/Necr      #.........   26%         3    ###....

Your spell library contained the following spells:

 Spells                   Type           Power        Failure   Level  Hunger
 Vampiric Draining        Necr           ###.......   11%         3    ###....
 Animate Dead             Necr           N/A          36%         4    #####..


Dungeon Overview and Level Annotations

Branches:
Dungeon (6/15)
 Temple: D:4-7

Altars:
Ashenzari
Makhleb
Sif Muna
Wu Jian


Innate Abilities, Weirdness & Mutations

You cannot wear most types of armour.
You are very stealthy in the water. (Stealth+)
You are amphibious.
You can wear up to eight rings at the same time.
You can use your tentacles to constrict eight enemies at once.
Your skin changes colour to match your surroundings (Stealth+).
Your rubbery body absorbs attacks. (AC +1, EV +1)


Message History

Confirm with . or Enter, or press ? or * to list all spells.
Aiming: Pain (safe; 3% risk of failure)
Press: ? - help, Shift-Dir - straight line, f/p - ice beast
Aim: an ice beast (lightly wounded, chance to defeat MR: 73%)
You miscast Pain.
You are very lightly contaminated with residual magic.
You feel very uncomfortable.
You tentacle-slap the ice beast.
The ice beast is moderately wounded.
The ice beast hits you. The ice beast freezes you!
You tentacle-slap the ice beast.
The ice beast is heavily wounded.
The ice beast hits you. The ice beast freezes you!
* * * LOW HITPOINT WARNING * * *
Okay, then.
Your magical contamination has completely faded away.
There is an open door here.
There is an open door here.
You feel better. The ice beast hits you. The ice beast freezes you!
You die...

. #....# #.# #....#
....###..>.#
........#..##########
...............##...#
##.####.)......##.#.# .#
....#.........##.#.# #.#
#...........Y..#Z# #.#
###.........#@.#.# #.#
#...........#..#.# #.#
#.#.#.......#..#.# #.#
#.#.#.......#..#.###.#######
# #.#.......#..#...Z........
#.#.......+..#####.#########
#.......##.# #..........
#.......##.# ###########
#.......##.#


You could see an ice beast.

Vanquished Creatures
  Grinder (D:3)
  An ice beast (D:5)
  A bullfrog (D:6)
  A scorpion (D:4)
  A wight (D:6)
  A crimson imp (D:6)
  A jelly (D:5)
  A worker ant (D:5)
  A hound skeleton (D:5)
  8 adders
  A shadow imp (D:6)
  An ooze (D:2)
  2 adder skeletons (D:5)
  A worm (D:2)
  2 leopard geckos
  2 orcs
  2 giant cockroaches
  2 goblins
  8 hobgoblins
  3 jackals (D:5)
  A quokka (D:6)
  3 ball pythons
  4 bats
  2 frilled lizards (D:1)
  3 kobolds
  6 rats
60 creatures vanquished.

Vanquished Creatures (collateral kills)
  A kobold (D:1)
  A rat (D:3)
2 creatures vanquished.

Grand Total: 62 creatures vanquished

Notes
Turn   | Place    | Note
-------+----------+-------------------------------------------
     0 | D:1      | M4edhros the Octopode Necromancer began the quest for the
                  | Orb.
     0 | D:1      | Reached XP level 1. HP: 11/11 MP: 3/3
    32 | D:1      | Learned a level 1 spell: Animate Skeleton
    74 | D:1      | Reached skill level 1 in Unarmed Combat
   139 | D:1      | Reached XP level 2. HP: 14/17 MP: 5/5
   402 | D:2      | Reached skill level 2 in Unarmed Combat
   439 | D:2      | Reached XP level 3. HP: 10/21 MP: 2/6
   444 | D:2      | Learned a level 3 spell: Regeneration
   489 | D:2      | Reached skill level 3 in Unarmed Combat
   505 | D:2      | Found a shattered altar of Ashenzari.
   788 | D:3      | Noticed Grinder
   789 | D:3      | Reached XP level 4. HP: 26/27 MP: 3/7
   819 | D:3      | Killed Grinder
   819 | D:3      | Reached skill level 5 in Unarmed Combat
   819 | D:3      | Reached XP level 5. HP: 31/31 MP: 6/8
   819 | D:3      | Reached XP level 6. HP: 36/36 MP: 6/9
   888 | D:2      | Reached skill level 6 in Unarmed Combat
  1071 | D:3      | Found a burning altar of Makhleb.
  1207 | D:4      | Found an ornate altar of the Wu Jian Council.
  1217 | D:5      | Entered Level 5 of the Dungeon
  1253 | D:5      | Noticed an ice beast
  1374 | D:6      | Found a deep blue altar of Sif Muna.
  1399 | D:6      | Reached skill level 7 in Unarmed Combat
  1399 | D:6      | Reached XP level 7. HP: 28/41 MP: 8/10
  1835 | D:6      | Reached skill level 8 in Unarmed Combat
  1937 | D:6      | Slain by an ice beast

Skill      XL: |  1  2  3  4  5  6  7 |
---------------+----------------------+-----
Unarmed Combat | 1 2 3 5 7 8 |  8.0
Fighting       | |  0.1
Dodging        | |  2.0
Stealth        | |  2.6
Spellcasting   | |  2.0
Necromancy     | |  4.0

Action                   |  1- 3 |  4- 6 |  7- 9 || total
-------------------------+-------+-------+-------++-------
Melee: Unarmed           |    55 |    52 |    23 ||   130
       Tentacles         |    11 |     9 |     5 ||    25
       Constrict         |    14 |    14 |     6 ||    34
       Punch             |       |     2 |       ||     2
 Cast: Animate Skeleton  |    14 |     4 |     1 ||    19
       Pain              |    14 |    12 |    18 ||    44
       Regeneration      |     2 |     4 |    11 ||    17
  Use: Potion            |       |     2 |     2 ||     4
       Scroll            |       |     5 |       ||     5
 Stab: Sleeping          |     4 |     5 |     3 ||    12
       Distracted        |     1 |       |       ||     1
  Eat: Chunk             |       |     3 |     1 ||     4
       Ration            |       |       |     1 ||     1
Armor: Skin              |     5 |     5 |     2 ||    12
Dodge: Dodged            |    33 |    18 |    36 ||    87
